 Dungeon Crawl Stone Soup version 0.19.5 (webtiles) character file.

13 Patchouli the Ruffian (level 2, -3/23 HPs)
             Began as a Draconian Transmuter on Mar 17, 2017.
             Slain by a goblin
             ... wielding a +2 dagger of holy wrath
             ... led by Robin
              (5 damage)
             ... on level 2 of the Dungeon.
             The game lasted 00:02:18 (298 turns).

Patchouli the Ruffian (Draconian Transmuter)         Turns: 298, Time: 00:02:18

Health: -3/23      AC:  5    Str: 12    XL:     2   Next: 24%
Magic:  4/5        EV: 12    Int: 13    God:
Gold:   62         SH:  0    Dex: 11    Spells: 2 memorised, 2 levels left

rFire  . . .     SeeInvis .       - Unarmed
rCold  . . .     Gourm    .     (armour unavailable)
rNeg   . . .     Faith    .     (no shield)
rPois  .         Spirit   .     (helmet restricted)
rElec  .         Reflect  .     d - +0 cloak
rCorr  .         Harm     .     (no gloves)
MR     .....                    (no boots)
Stlth  +.........               (no amulet)
                                (no ring)
                                (no ring)

@: appendage, very slightly contaminated, hasted, very quick
A: unfitting armour, horns 2, cold-blooded, AC +4
a: End Transformation


You were on level 2 of the Dungeon.
You were not hungry.
You had grown temporary horns.
You visited 1 branch of the dungeon, and saw 3 of its levels.

You collected 62 gold pieces.

Inventory:

Missiles
 a - 36 arrows
 g - 13 poisoned needles
Armour
 d - a +0 cloak (worn)
Scrolls
 i - a scroll of random uselessness {unknown}
Potions
 e - a potion of cure mutation
 j - a potion of haste
Books
 b - a book of Changes

   Spells                             Type                      Level
   a - Beastly Appendage              Transmutation                1
   b - Sticks to Snakes               Transmutation                2
   c - Spider Form                    Transmutation/Poison         3
   d - Ice Form                       Ice/Transmutation            4
   e - Blade Hands                    Transmutation                5
Comestibles
 c - a bread ration
 f - a slice of pizza
 h - 3 chunks of flesh


   Skills:
 + Level 1.3 Fighting
 + Level 1.9 Dodging
 + Level 3.1 Unarmed Combat
 + Level 2.2 Spellcasting
 + Level 2.3 Transmutations


You had 2 spell levels left.
You knew the following spells:

 Your Spells              Type           Power        Failure   Level  Hunger
a - Beastly Appendage     Tmut           #.....       12%         1    ##.....
b - Sticks to Snakes      Tmut           #.......     17%         2    ###....


Dungeon Overview and Level Annotations

Branches:
Dungeon (3/15)

Altars:

Annotations:
D:3 Robin


Innate Abilities, Weirdness & Mutations

Your plain brown scales are hard. (AC +4)
You cannot fit into any form of body armour.
You are cold-blooded and may be slowed by cold attacks.
You have a pair of horns on your head.


Message History

You grow a pair of large bovine horns.
The goblin hits you but does no damage. The goblin misses you.
You closely miss the goblin. Your headbutt misses the goblin.
The goblin hits you but does no damage. The goblin hits you with a dagger.
You barely miss the goblin.
You headbutt the goblin, but do no damage.
The goblin hits you with a dagger of holy wrath.
The goblin hits you with a dagger!
* * * LOW HITPOINT WARNING * * *
It was a potion of haste.
You feel yourself speed up.
The goblin hits you with a dagger of holy wrath.
* * * LOW HITPOINT WARNING * * *
The goblin hits you but does no damage.
You are very lightly contaminated with residual magic.
It was a potion of cure mutation.
It has a very clean taste.
The goblin closely misses you.
You hit the goblin.
You kill the goblin!
The goblin hits you with a dagger of holy wrath.
You die...

.... ....... .......
################## .......
..............)@# .......
#......#######g###.......
#......# #............
#......# #............
###......# #....†.......
........)# #........#..r
.........# #........#
.........######..........#
.......................##(#


You could see a goblin.

Vanquished Creatures
  A dart slug (D:2)
  A bat (D:1)
  A giant cockroach (D:1)
  2 goblins
  A hobgoblin (D:1)
  A kobold (D:1)
  3 rats
10 creatures vanquished.

Notes
Turn   | Place    | Note
-------+----------+-------------------------------------------
     0 | D:1      | Patchouli the Draconian Transmuter began the quest for the Orb.
     0 | D:1      | Reached XP level 1. HP: 16/16 MP: 3/3
   190 | D:1      | Reached XP level 2. HP: 20/23 MP: 3/5
   198 | D:1      | Learned a level 2 spell: Sticks to Snakes
   288 | D:3      | Noticed Robin
   298 | D:2      | Slain by a goblin

Action                   || total
-------------------------++-------
Melee: Unarmed           ||    39
       Kick              ||     6
       Headbutt          ||     2
       Tailslap          ||     1
       Punch             ||     1
 Cast: Beastly Appendage ||     8
  Use: Potion            ||     2
Armor: Skin              ||     9
Dodge: Dodged            ||    22
